 Dungeon Crawl Stone Soup version 0.20.1-1-g8b1a95d (webtiles) character file.

2179 Timinator the Insei (level 9, -15/74 HPs)
             Began as a Yellow Draconian Transmuter on Nov 1, 2017.
             Killed by divine providence
             ... invoked by an orc priest
              (16 damage)
             ... on level 8 of the Dungeon.
             The game lasted 00:16:25 (10707 turns).

Timinator the Insei (Yellow Draconian Transmuter)  Turns: 10707, Time: 00:16:26

Health: -15/74     AC:  3    Str: 14    XL:     9   Next: 11%
Magic:  14/15      EV: 14    Int: 15    God:
Gold:   473        SH:  0    Dex: 14    Spells: 5/16 levels left

rFire    + . .     SeeInvis .     - Unarmed
rCold    . . .     Gourm    +   (no shield)
rNeg     . . .     Faith    .   (armour unavailable)
rPois    .         Spirit   .   (helmet restricted)
rElec    .         Reflect  .   (no cloak)
rCorr    +         Harm     .   (no gloves)
MR       .....     Clarity  +   (no boots)
Stlth    +.........             m - amulet of the gourmand
Regen    0.3/turn               e - +2 ring of intelligence
MPRegen  0.2/turn               u - ring of protection from fire

@: corroded
A: spit acid, acid resistance, unfitting armour, clarity, cold-blooded, AC +7
a: Breathe Acid


You were on level 8 of the Dungeon.
You were not hungry.

You visited 2 branches of the dungeon, and saw 9 of its levels.
You also visited: Sewer.

You collected 473 gold pieces.

Inventory:

Missiles
 a - 153 arrows
Jewellery
 e - a +2 ring of intelligence (left hand)
 m - an amulet of the gourmand (around neck)
 u - a ring of protection from fire (right hand)
 E - an uncursed ring of wizardry
Wands
 t - a wand of iceblast (0/15)
 v - a wand of enslavement (16/24)
 w - a wand of polymorph (19/24)
 I - a wand of digging (0/24)
Scrolls
 d - 7 scrolls of identify
 f - 4 scrolls of amnesia
 i - 3 scrolls of teleportation
 j - 5 scrolls of remove curse
 l - a scroll of enchant armour {unknown}
 p - 2 scrolls of enchant weapon {unknown}
 x - a scroll of immolation {unknown}
 y - a scroll of fog {unknown}
 B - 3 scrolls of magic mapping {unknown}
 C - a scroll of acquirement {unknown}
 D - 2 scrolls of recharging {unknown}
 G - 2 scrolls of noise {unknown}
Potions
 g - a potion of mutation
 h - 4 potions of brilliance
 k - 3 potions of berserk rage {unknown}
 n - 6 potions of heal wounds {unknown}
 o - 2 potions of resistance
 r - a potion of flight {unknown}
 s - a potion of invisibility {unknown}
 z - 8 potions of curing
 A - 2 potions of might {unknown}
 F - a potion of cancellation {unknown}
 H - a potion of agility {unknown}
Books
 b - a book of Changes

   Spells                             Type                      Level
   a - Beastly Appendage              Transmutation                1
   b - Sticks to Snakes               Transmutation                2
   c - Spider Form                    Transmutation/Poison         3
   d - Ice Form                       Ice/Transmutation            4
   e - Blade Hands                    Transmutation                5
Comestibles
 c - 4 bread rations
 q - 3 fruits
 J - a meat ration
 K - a chunk of flesh


   Skills:
 + Level 5.0 Fighting
 + Level 4.3 Dodging
 * Level 7.4 Unarmed Combat
 + Level 4.3 Spellcasting
 * Level 6.7 Transmutations


You had 5 spell levels left.
You knew the following spells:

 Your Spells              Type           Power        Failure   Level  Hunger
a - Beastly Appendage     Tmut           ###...       1%          1    None
b - Sticks to Snakes      Tmut           ###.....     1%          2    ##.....
c - Spider Form           Tmut/Pois      ##........   13%         3    ###....
d - Blade Hands           Tmut           ###.......   30%         5    ######.


Dungeon Overview and Level Annotations

Branches:
Dungeon (8/15)             Temple (1/1) D:5
   Lair: D:8-11

Altars:
Ashenzari
Cheibriados
Dithmenos
Elyvilon
Fedhas
Gozag
Hepliaklqana
Kikubaaqudgha
Nemelex Xobeh
Ru
Sif Muna
Trog
Uskayaw
Vehumet
Xom
Zin
The Shining One

Shops:
D:5 *   D:6 *

Annotations:
D:5 Eustachio


Innate Abilities, Weirdness & Mutations

You can spit globs of acid.
You are resistant to acid.
Your golden yellow scales are hard. (AC +7)
You cannot fit into any form of body armour.
You are cold-blooded and may be slowed by cold attacks.
You possess an exceptional clarity of mind.


Message History

The jelly barely misses you.
Casting: Spider Form
Confirm with . or Enter, or press ? or * to list all spells.
Okay, then.
Found an escape hatch in the floor.
The jelly hits you but does no damage.
Found 3 javelins.
Found a scroll labeled VYTIKI OBIBRE.
An orc priest comes into view.
Found 12 gold pieces.
An orc priest comes into view.
The orc priest shouts!
The orc priest begins to cast a cantrip, but forgets the words!
An orc and a skeleton come into view.
The orc priest mumbles some strange prayers to Beogh against you.
Beogh smites you!
* * * LOW HITPOINT WARNING * * *
The orc priest calls down the wrath of Beogh upon you.
Beogh smites you!
You die...

......?(. .........
..Z...... ...$o...#
..≈≈o.... ..o≈≈...#
## ..≈≈≈...# ...
?.≈≈≈(.@# ....
..≈≈≈..J###....
...............
.........>......
#######....≈..≈≈.?.
#...≈≈..≈≈...
#...≈........
#...≈........
###...........


You could see a jelly, 2 orc priests, an orc and a quokka skeleton (wandering).

Vanquished Creatures
  Grinder (D:5)
  2 orc warriors
  A sky beast (D:5)
  2 ogres
  3 centaurs
  2 big kobolds
  A water moccasin zombie (D:6)
  A scorpion (D:6)
  A howler monkey (D:3)
  A crimson imp (D:6)
  A jelly (D:5)
  A hound (D:5)
  2 bullfrog skeletons (D:5)
  5 orc wizards
  2 orc priests (D:5)
  A gnoll shaman (D:3)
  2 iguanas (D:5)
  3 worker ants
  2 hound zombies
  2 hound skeletons
  6 gnolls
  6 adders
  A howler monkey skeleton (D:4)
  3 river rats (Sewer)
  A shadow imp (D:5)
  An adder skeleton (D:4)
  An adder zombie (D:6)
  2 worms
  2 dart slugs
  6 leopard geckos (D:6)
  20 orcs
  9 ball pythons
  5 giant cockroaches
  8 goblins
  12 hobgoblins
  12 jackals
  5 quokkas
  4 bats
  5 frilled lizards
  45 kobolds
  2 leopard gecko skeletons
  A leopard gecko zombie (D:6)
  A quokka skeleton (D:6)
  A quokka zombie (D:6)
  30 rats
225 creatures vanquished.

Vanquished Creatures (collateral kills)
  Sigmund (D:2)
  An adder zombie (D:5)
  2 giant cockroaches (D:6)
  A kobold (Sewer)
5 creatures vanquished.

Vanquished Creatures (others)
  A plant (D:4)
1 creature vanquished.

Grand Total: 231 creatures vanquished

Notes
Turn   | Place    | Note
-------+----------+-------------------------------------------
     0 | D:1      | Timinator the Draconian Transmuter began the quest for the Orb.
     0 | D:1      | Reached XP level 1. HP: 16/16 MP: 3/3
   120 | D:1      | Reached XP level 2. HP: 14/23 MP: 5/5
   698 | D:1      | Learned a level 2 spell: Sticks to Snakes
   787 | D:2      | Reached XP level 3. HP: 15/28 MP: 6/6
  1139 | D:2      | Noticed Sigmund
  1155 | D:2      | Gained mutation: You possess an exceptional clarity of mind. [potion of mutation]
  1405 | D:2      | Found a sparkling altar of Nemelex Xobeh.
  2010 | D:2      | Killed Sigmund
  2010 | D:2      | Reached skill level 4 in Unarmed Combat
  2010 | D:2      | Reached XP level 4. HP: 7/37 MP: 1/7
  2010 | D:2      | Reached XP level 5. HP: 8/42 MP: 1/8
  2943 | D:3      | Reached XP level 6. HP: 50/50 MP: 7/9
  4356 | D:4      | Reached skill level 5 in Unarmed Combat
  4936 | D:4      | Your scales start taking on a golden yellow colour.
  4936 | D:4      | Reached XP level 7. HP: 57/57 MP: 7/11
  5413 | D:5      | Entered Level 5 of the Dungeon
  6104 | D:6      | Found a glowing drain.
  6174 | Sewer    | Entered a sewer
  6631 | Sewer    | Reached skill level 5 in Transmutations
  7595 | D:6      | Found Nyluesur's General Store.
  7673 | D:6      | Learned a level 3 spell: Spider Form
  7784 | D:6      | Reached skill level 6 in Unarmed Combat
  7784 | D:6      | Reached XP level 8. HP: 37/66 MP: 4/13
  9113 | D:5      | Learned a level 5 spell: Blade Hands
  9128 | D:5      | Found Piffel's Assorted Antiques.
  9338 | D:5      | Reached skill level 7 in Unarmed Combat
  9899 | D:5      | Found a staircase to the Ecumenical Temple.
  9913 | Temple   | Entered the Ecumenical Temple
 10042 | D:5      | Noticed Grinder
 10048 | D:5      | Noticed Eustachio
 10241 | D:5      | Killed Grinder
 10241 | D:5      | Reached XP level 9. HP: 17/73 MP: 4/15
 10649 | D:7      | Reached skill level 5 in Fighting
 10707 | D:8      | HP: 1/74 [orc priest/divine providence (14)]
 10707 | D:8      | Killed from afar by an orc priest

Skill      XL: |  1  2  3  4  5  6  7  8  9 |
---------------+----------------------------+-----
Dodging        | 2 3 4 |  4.3
Fighting       | 2 3 4 5 |  5.0
Unarmed Combat | 4 5 6 7 |  7.4
Transmutations | 3 4 5 6 |  6.7
Spellcasting   | 3 4 |  4.3

Action                   |  1- 3 |  4- 6 |  7- 9 || total
-------------------------+-------+-------+-------++-------
Melee: Unarmed           |   171 |   229 |   530 ||   930
       Tailslap          |    15 |    33 |    49 ||    97
       Headbutt          |     5 |    15 |    14 ||    34
       Punch             |     2 |     7 |    13 ||    22
       Kick              |       |    10 |    30 ||    40
 Cast: Beastly Appendage |     6 |    12 |    22 ||    40
       Sticks to Snakes  |     4 |     4 |    20 ||    28
       Spider Form       |       |       |     5 ||     5
       Blade Hands       |       |       |     1 ||     1
 Abil: End Transformatio |       |       |     1 ||     1
Evoke: Wand              |       |       |     2 ||     2
  Use: Scroll            |     4 |       |     1 ||     5
       Potion            |     3 |       |     1 ||     4
 Stab: Sleeping          |       |     3 |     1 ||     4
  Eat: Meat ration       |     1 |       |       ||     1
       Chunk             |       |     8 |    20 ||    28
       Royal jelly       |       |       |     1 ||     1
Armor: Skin              |    34 |    50 |   161 ||   245
Dodge: Dodged            |    92 |   132 |   483 ||   707
